Unix NetHack Version 5.0.0-0 post-release - last build May 10 2026 23:12:36 (d1fa5d53e341ca933230fdaa984d921c805b60aa,branch:main).

Game began 2026-05-12 00:51:00, ended 2026-05-12 01:40:20.

Drastanta, chaotic male human Wizard

                --
              ---.  -------
            ---............ ---------
          ---..............<..f@i...---------
          -[......e..sc.......faa.....d.....-
        -......................Y....u.......:?......-
      -....[...........!.......Y.e...................B.f...
    -............l.......h.[................................v.....
  |..........%..........xx........^.H..........................?..........
  |.............*.....?...........ZZ........x....ZZ..............B........@.|
  |.........../...................Z...........Z..........................>..|
  ---------........)..?.....................O.....Z.......................---
          ---------................Z.............0...........%.....T....---
                  ---------.....................G.  ............h.....---
                          ---------.................  ..............---
                                  ---------...........  ..........---
                                           --------..... .......---
                                                   --------...---
                                                           ----

Drastanta the Thaumaturge  St:11 Dx:16 Co:12 In:18 Wi:10 Ch:12  Chaotic
Dlvl:11 $:373 HP:0(52) Pw:29(76) AC:7  Xp:7 T:4662 

Latest messages:
 You see here a wolf corpse.
 There is a wolf corpse here; eat it? [ynq] (n) y
 This wolf corpse is tough.
 You finish eating the wolf corpse.
 Really step into that hole? [yn] (n) y
 There's a gaping hole under you!
 The large cat turns into a raven!
 The tengu appears next to you!
 A board beneath the owlbear squeaks an E note loudly.
 You hit the tengu!
 The tengu bites!
 The stone giant picks up a potion.
 The grid bug shudders for a moment.
 The tengu bites!
 The troll picks up a pair of hard shoes.
 KAABLAMM!!!  The gnome lord triggers a land mine!
 The gnome lord falls into a pit!
 The tengu bites!
 The tengu bites!
 The troll puts on a pair of hard shoes.
 The fire ant bites!
 The fire ant bites again!
 You avoid harm.
 You hit the kitten!
 The kitten just misses!
 The fire ant bites!
 The fire ant bites again!
 You're on fire!
 The fire ant bites!
 The fire ant bites again!
 You avoid harm.
 The tengu bites!
 The stone giant throws a boulder!
 The boulder misses the fire ant.
 You are hit by a boulder.
 The kitten bites!
 What do you want to zap? [moq or ?*] ?
 In what direction? >
 KADOOM!  The boulder falls in!
 The leprechaun vanishes and reappears closer to you.
 The kitten bites!
 The fire ant bites!
 The fire ant just misses!
 The fire ant bites!
 You die...
 Do you want your possessions identified? [ynq] (y) y
 Do you want to see your attributes? [ynq] (y) y
 Do you want an account of creatures vanquished? [ynaq] (y) y
 Do you want to see your conduct and achievements? [ynq] (y) y
 Do you want to see the dungeon overview? [ynq] (y) y

Inventory:
 Coins    ('$')
  $ - 373 gold pieces
 Weapons  (')')
  a - a blessed +1 quarterstaff (weapon in hands)
 Armor    ('[')
  R - an uncursed +0 pair of iron shoes (being worn)
  b - an uncursed +0 cloak of magic resistance (being worn)
 Comestibles  ('%')
  y - an uncursed slime mold
  z - 3 uncursed food rations
  p - 4 cursed food rations
  r - 2 uncursed fortune cookies
  v - a cursed pancake
  B - an uncursed pear
  P - an uncursed lizard corpse
 Scrolls  ('?')
  J - 3 cursed scrolls of blank paper
  j - an uncursed scroll of enchant weapon
 Spellbooks  ('+')
  N - an uncursed spellbook of chain lightning
  l - a blessed spellbook of force bolt
 Potions  ('!')
  f - a blessed potion of object detection
  g - an uncursed potion of sickness
 Rings    ('=')
  d - an uncursed +1 ring of increase accuracy (on left hand)
  e - an uncursed +1 ring of increase damage (on right hand)
 Wands    ('/')
  q - a wand of digging (0:5)
  o - a cursed wand of digging (0:1)
  m - a cursed wand of slow monster (0:6)
 Tools    ('(')
  n - a magic marker (0:20)

Drastanta the Wizard's attributes:

Background:
 You were a Thaumaturge, a level 7 male human Wizard.
 You were chaotic, on a mission for Anhur
 who was opposed by Ptah (lawful) and Thoth (neutral).
 You were right-handed.
 You were in the Dungeons of Doom, on level 11, a very big room.
 You entered the dungeon 4662 turns ago.
 It was nighttime.
 You had 660 experience points, 620 more were needed to attain level 8.

Basics:
 You had 0 out of 52 hit points.
 You had 29 out of 76 energy points (spell power).
 Your armor class was 7.
 Your wallet contained 373 zorkmids.
 Autopickup was off.

Final Characteristics:
 Your strength was 11 (limit:18/100).
 Your dexterity was 16 (peak:17, limit:18).
 Your constitution was 12 (limit:18).
 Your intelligence was 18 (limit:18).
 Your wisdom was 10 (limit:18).
 Your charisma was 12 (limit:18).

Final Status:
 You weren't hungry.
 You were unencumbered.
 You were wielding a quarterstaff.
 You had basic skill with quarterstaff and could have enhanced that.

Final Attributes:
 You were piously aligned.
 You were magic-protected.
 You were telepathic.
 You had a small bonus to hit (+1).
 You had a small damage bonus (+1).
 You were warded.
 You are dead.

Miscellaneous:
 You encountered 1 bones level.
 Total elapsed playing time was 49 minutes and 18 seconds.

Major events:
 Turn
    1: Drastanta the chaotic male human Wizard entered the dungeon
 1084: entered the Gnomish Mines
 1299: attained the rank of Conjurer (level 3)
 3747: attained the rank of Thaumaturge (level 6)
 4655: entered the Bigroom
 4662: killed by a fire ant

Spells:
 Name                 Level Category     Fail Retention
 force bolt             1   attack         0%   71%-80%
 detect monsters        1   divination     0%  76%-100%
 healing                1   healing        0%  76%-100%
 light                  1   divination     0%  76%-100%
 chain lightning        2   attack         0%   81%-90%

Skills:
 Fighting Skills
   bare handed combat [Unskilled]
   riding             [Unskilled]
 Weapon Skills
   dagger             [Unskilled]
   knife              [Unskilled]
   axe                [Unskilled]
   short sword        [Unskilled]
   club               [Unskilled]
   mace               [Unskilled]
   quarterstaff       [Basic]
   polearms           [Unskilled]
   spear              [Unskilled]
   trident            [Unskilled]
   sling              [Unskilled]
   dart               [Unskilled]
   shuriken           [Unskilled]
 Spellcasting Skills
   attack spells      [Basic]
   healing spells     [Unskilled]
   divination spells  [Unskilled]
   enchantment spells [Basic]
   clerical spells    [Unskilled]
   escape spells      [Unskilled]
   matter spells      [Unskilled]

Voluntary challenges:
 Character rerolling was not enabled.
 You never genocided any monsters.
 You never polymorphed an object.
 You never changed form.
 You used no wishes.
Achievements:
 You entered the Gnomish Mines.
 You entered a shop.
 You attained the rank of Conjurer.
 You attained the rank of Thaumaturge.
 You entered the Big Room.

 The Dungeons of Doom: levels 1 to 11
    Level 1:
       A sink, a grave.
    Level 2:
       A fountain.
    Level 3:
       Stairs down to The Gnomish Mines.
    Level 4:
       A food shop, a sink.
    Level 5: "Spell Book Stash"
    Level 6:
       A fountain.
    Level 7:
       An armor shop, a fountain.
    Level 8: "Big Bones Stash"
       A throne, a fountain, a grave.
       Final resting place for
          Japes-Val-Hum-Fem-Law, killed by a Green-elf.
    Level 9:
    Level 10:
       A fountain.
    Level 11: <- You were here.
       A very big room.
       Final resting place for
          you, killed by a fire ant.
 The Gnomish Mines:
    Level 4:


Vanquished creatures:
  a ghost
  a giant beetle
  a wolf
  a dwarf mummy
  a lizard
  a dust vortex
  a human zombie
 an Uruk-hai
  a rock piercer
  a rock mole
  a kobold mummy
 an elf zombie
  a giant ant
  a little dog
  2 floating eyes
  2 kittens
  2 dwarves
  a homunculus
  a kobold shaman
  3 rothes
  2 giant bats
  3 killer bees
  a gas spore
  2 large kobolds
  a hobgoblin
  4 giant rats
  2 cave spiders
  a brown mold
  a yellow mold
  2 gnomes
  3 gnome zombies
  7 geckos
  a jackal
  a kobold
  a goblin
  2 sewer rats
  8 grid bugs
  4 lichens
  a kobold zombie
  5 newts
77 creatures vanquished.

No species were genocided or became extinct.

Game over:
                       ----------
                      /          \
                     /    REST    \
                    /      IN      \
                   /     PEACE      \
                  /                  \
                  |    Drastanta     |
                  |      373 Au      |
                  | killed by a fire |
                  |       ant        |
                  |                  |
                  |                  |
                  |       2026       |
                 *|     *  *  *      | *
        _________)/\\_//(\/(/\)/\//\/|_)_______

Goodbye Drastanta the Wizard...

You died in The Dungeons of Doom on dungeon level 11 with 3486 points,
and 373 pieces of gold, after 4662 moves.
You were level 7 with a maximum of 52 hit points when you died.

